 Seeded DCSS version 0.29-a0-1043-g569b05d6ff (webtiles) character file.

Game seed: 16325529221887051656 (custom seed)

29 hikkokomori the Digger (level 3, -1/21 HPs)
             Began as a Gargoyle Earth Elementalist on Aug 16, 2022.
             Slain by Terence
             ... wielding a +0 trident of venom
              (7 damage)
             ... on level 2 of the Dungeon.
             The game lasted 00:04:09 (968 turns).

hikkokomori the Digger (Gargoyle Earth Elementalist) Turns: 968, Time: 00:04:12

Health: -1/21      AC:  5    Str: 11    XL:     3   Next: 16%
Magic:  7/7        EV: 11    Int: 17    God:
Gold:   839        SH:  0    Dex: 10    Spells: 6/7 levels left

rFire   . . .      SeeInvis .   e - +0 staff of Battle
rCold   . . .      Faith    .   (no shield)
rNeg    + + .      Spirit   .   a - +0 robe
rPois   ∞          Reflect  .   (no helmet)
rElec   +          Harm     .   (no cloak)
rCorr   .          Rampage  .   (no gloves)
Will    .....                   (no boots)
Stlth   ++........              (no amulet)
HPRegen 0.07/turn               h - ring of Weluckia {Wiz rPois rN+}
MPRegen 0.10/turn               (no ring)

@: no status effects
A: sickness immunity, AC +3, negative energy resistance 1, electricity
resistance, torment resistance 1, petrification resistance
a: no special abilities


You were on level 2 of the Dungeon.
You visited 1 branch of the dungeon, and saw 2 of its levels.

You collected 839 gold pieces.

Inventory:

Hand Weapons
 c - a +1 short sword
 e - the +0 staff of Battle (weapon)
   (You acquired it on level 2 of the Dungeon)

   It enhances your conjuration magic.
   It summons a battlesphere in combat, with strength depending on Conjurations
   skill.
   Its strikes trigger the battlesphere's blasts.
Armour
 a - a +0 robe (worn)
Jewellery
 h - the ring of Weluckia (left hand) {Wiz rPois rN+}
   (You acquired it on level 1 of the Dungeon)

   [ring of wizardry]

   It improves your spell success rate.
   rPois:     It protects you from poison.
   rN:        It protects you from negative energy.
Scrolls
 f - a scroll of identify {unknown}
 i - a scroll of enchant weapon
Potions
 b - a potion of magic
 d - a potion of brilliance {unknown}
 g - a potion of heal wounds {unknown}


   Skills:
 + Level 2.0 Fighting
 - Level 1.5 Dodging
 - Level 2.1 Stealth
 + Level 2.7 Spellcasting
 - Level 0.7 Transmutations
 - Level 3.6 Earth Magic


You had 6 spell levels left.
You knew the following spells:

 Your Spells              Type           Power      Damage    Failure   Level
a - Sandblast             Erth           28%        2d8       1%          1

Your spell library contained the following spells:

 Spells                   Type           Power      Damage    Failure   Level
 Passwall                 Tmut/Erth      7%         N/A       4%          2
 Stone Arrow              Conj/Erth      24%        3d8       11%         3
 Petrify                  Tmut/Erth      9%         N/A       28%         4


Dungeon Overview and Level Annotations

Branches:
Dungeon (2/15)

Altars:

Annotations:
D:2 Terence


Innate Abilities, Weirdness & Mutations

You are immune to sickness and miasma.
Your stone body is resilient. (AC +3)
You are immune to poison.
You resist negative energy. (rN+)
You are resistant to electric shocks. (rElec)
You are resistant to unholy torment.
You are immune to petrification.


Message History

Terence is moderately wounded.
Terence says, "Don't bother to defend, it's pointless."
Terence barely misses you.
Unknown command.
Press < or > to pray at altars.
You hit Terence.
Terence is moderately wounded.
Your battlesphere fires!
The barrage of energy hits Terence but does no damage.
Terence is moderately wounded.
Terence splashes around in the water.
Terence hits you with a +0 trident of venom!
You barely miss Terence.
Terence is moderately wounded.
Your battlesphere wavers and loses cohesion.
Terence hits you but does no damage.
Unknown command.
Press < or > to pray at altars.
You hit Terence but do no damage.
Terence is moderately wounded.
You conjure a globe of magical energy.
Terence hits you with a +0 trident of venom.
The kobold hits you with a +0 dagger.
* * * LOW HITPOINT WARNING * * *
Unknown command.
Press < or > to pray at altars.
Okay, then.
You closely miss Terence.
Terence is moderately wounded.
Terence splashes around in the water.
The kobold splashes around in the water.
Unknown command.
Press < or > to pray at altars.
You hit Terence.
Terence is heavily wounded.
Your battlesphere fires!
The barrage of energy hits Terence.
Terence is almost dead.
Terence hits you with a +0 trident of venom!
You die...

.......................
######......######.#.####
.[.................#....#
..###......######.#.##.#
..###......# #.#.#..#
...........## #...#<.#
...###*....#### #...####
. ##.~~~.°..# #....
#..~@~....# #.#.#
#..$@K....# #.#..
#.........# #.........+
###.......# #.......#
#.......# #.......#


You could see Terence, a kobold (ally target) and a friendly battlesphere.

Vanquished Creatures
  3 dart slugs (D:1)
  4 bats (D:1)
  2 endoplasms (D:1)
  A goblin (D:1)
  2 hobgoblins (D:1)
  5 kobolds
  2 quokkas
  2 frilled lizards (D:1)
  2 rats (D:1)
23 creatures vanquished.

Notes
Turn   | Place    | Note
-------+----------+-------------------------------------------
     0 | D:1      | hikkokomori the Gargoyle Earth Elementalist began the quest
                  | for the Orb.
     0 | D:1      | Reached XP level 1. HP: 10/10 MP: 3/3
   113 | D:1      | Reached skill level 1 in Fighting
   113 | D:1      | Reached XP level 2. HP: 15/16 MP: 0/5
   624 | D:1      | Reached XP level 3. HP: 20/21 MP: 6/6
   903 | D:1      | Identified 3 scrolls of acquirement
   903 | D:1      | Acquired the ring of Weluckia {Wiz rPois rN+}
   922 | D:2      | Acquired 825 gold pieces
   928 | D:2      | Acquired the +0 staff of Battle
   928 | D:2      | Found the +0 staff of Battle
   949 | D:2      | Found a faded altar of an unknown god.
   956 | D:2      | Noticed Terence
   968 | D:2      | Slain by Terence

Illustrated notes

Levels and vault maps discovered:
D:1:      dpeg_arrival_shrine, layout_basic, minmay_ruptured
D:2:      layout_basic, hellmonk_ecumenical_altar_pennies_from_heaven,
          basic_altar, uniq_terence

Skill      XL: |  1  2  3 |
---------------+----------+-----
Fighting       | 1 2 |  2.0
Dodging        | |  1.5
Stealth        | |  2.1
Spellcasting   | |  2.7
Transmutations | |  0.7
Earth Magic    | |  3.6

Action                   || total
-------------------------++-------
Melee: Unarmed           ||     9
       Short sword       ||    56
       Punch             ||     1
       Staff             ||     9
 Cast: Sandblast         ||    10
  Use: Scroll            ||     4
Armor: Robe              ||    34
Dodge: Dodged            ||    74

Table legend: (Time is in decaauts)
 A = Elapsed time spent in this place.
 B = Non-inter-level travel time spent in this place.
 C = Inter-level travel time spent in this place.
 D = Time resting spent in this place.
 E = Time spent auto-exploring this place.
 F = Levels seen in this place.
 G = Mean time per level.
                   A        B        C        D        E       F      G
               +--------+--------+--------+--------+--------+-----+--------+
         Total |    986 |    974 |     12 |      0 |    630 |   2 |  493.0 |
       Dungeon |    986 |    974 |     12 |      0 |    630 |   2 |  493.0 |
               +--------+--------+--------+--------+--------+-----+--------+

Top non-repeatable levels by time:
     D:1: 937 daAuts
     D:2: 49 daAuts
